 Dungeon Crawl Stone Soup version 0.32-a0-975-g85d4e5bfdb (webtiles) character file.

Game seed: 1180318015169897607

2250 Maxmaps the Basher (level 9, 0/71 HPs)
             Began as a Demonspawn Fire Elementalist on Apr 19, 2024.
             Was an Initiate of Gozag.
             Slain by a hornet (9 damage)
             ... on level 8 of the Dungeon.
             The game lasted 00:09:51 (6929 turns).

Maxmaps the Basher (Demonspawn Fire Elementalist)   Turns: 6929, Time: 00:09:52

Health: 0/71       AC: 10    Str:  9    XL:     9   Next: 15%
Magic:  12/12      EV:  9    Int: 19    God:    Gozag
Gold:   359        SH:  0    Dex: 14    Spells: 11/12 levels left

rFire   + . .        c - +3 whip (elec)
rCold   + . .        (no shield)
rNeg    . . .        g - +0 ring mail
rPois   +            j - +2 helmet
rElec   +            (no cloak)
rCorr   +            (no gloves)
SInv    .            r - +0 pair of boots
Will    .....        (no amulet)
Stlth   +            v - ring of resist corrosion
HPRegen 0.31/turn    k - ring of flight
MPRegen 0.26/turn

%: no passive effects
@: lethally poisoned (0 -> -17), resistant, flying, slowed, very slow
A: rugged brown scales 1, magic regeneration, demonic touch 2
a: Renounce Religion, Potion Petition, Call Merchant, Bribe Branch


You were on level 8 of the Dungeon.
You worshipped Gozag.
Gozag was aware of your devotion.
You visited 2 branches of the dungeon, and saw 9 of its levels.

You collected 693 gold pieces.
You spent 69 gold pieces at shops.
You paid 265 gold pieces to Gozag.

Inventory:

Hand Weapons
 c - a +3 whip of electrocution (weapon)
Armour
 a - a +0 robe
 g - a +0 ring mail (worn)
 j - a +2 helmet (worn)
 r - a +0 pair of boots (worn)
Jewellery
 k - a ring of flight (right hand)
 v - a ring of resist corrosion (left hand)
Scrolls
 h - a scroll of amnesia
 l - 2 scrolls of fear
 n - a scroll of revelation
 p - a scroll of teleportation
 u - a scroll of blinking
 w - 5 scrolls of identify
 x - a scroll of poison
Potions
 b - a potion of magic
 d - a potion of enlightenment
 e - a potion of attraction
 f - a potion of degeneration
 i - a potion of heal wounds
 m - a potion of cancellation
 o - a potion of brilliance
 s - 2 potions of might
 t - a potion of mutation
 z - a potion of haste {unknown}


   Skills:
 - Level 6.2 Fighting
 + Level 8.9 Maces & Flails
 - Level 1.7 Dodging
 - Level 1.7 Stealth
 - Level 2.0 Spellcasting
 - Level 3.1 Conjurations
 - Level 3.0 Fire Magic


You had 11 spell levels left.
You knew the following spells:

 Your Spells              Type           Power      Damage    Failure   Level
a - Foxfire               Conj/Fire      52%        2x1d6     13%         1

Your spell library contained the following spells:

 Spells                   Type           Power      Damage    Failure   Level
 Scorch                   Fire           26%        2d6       21%         2
 Momentum Strike          Conj/Tloc      14%        3d8       36%         2
 Blink                    Tloc           2%         N/A       56%         2
 Lesser Beckoning         Tloc           2%         N/A       56%         2
 Inner Flame              Hex/Fire       7%         N/A       58%         3
 Volatile Blastmotes      Fire/Tloc      14%        2d11      58%         3
 Flame Wave               Conj/Fire      13%        2d6       78%         4
 Leda's Liquefaction      Alch/Erth      0%         N/A       99%         4
 Petrify                  Alch/Erth      1%         N/A       99%         4
 Metabolic Englaciation   Hex/Ice        0%         N/A       100%        5
 Plasma Beam              Fire/Air       3%         2x1d13    100%        6
 Starburst                Conj/Fire      6%         6d4       100%        6


Dungeon Overview and Level Annotations

Branches:
Dungeon (8/15)             Temple (1/1) D:4
   Lair: D:8-11

Altars:
Ashenzari
Cheibriados
Dithmenos
Fedhas
Gozag
Hepliaklqana
Kikubaaqudgha
Makhleb
Nemelex Xobeh
Okawaru
Ru
Sif Muna
Uskayaw
Wu Jian
Xom
Yredelemnul

Shops:
D:4 =*=?[   D:6 :


Innate Abilities, Weirdness & Mutations

You are partially covered in rugged brown scales. (AC +1, +3% HP)
You regenerate magic rapidly.
Your touch may inflict irresistible damage on your foes.


Message History

The foxfire hits the hornet but does no damage.
The hornet is moderately wounded.
The foxfire hits the hornet but does no damage.
The hornet is moderately wounded.
The hornet stings you.
* * * LOW HITPOINT WARNING * * *
You are poisoned.
You feel as though you will be slow longer.
The hornet stings you!
* * * LOW HITPOINT WARNING * * *
You are more poisoned.
You feel as though you will be slow longer.
The hornet stings you but does no damage.
You feel much better.
You feel extremely sick.
The hornet stings you but does no damage.
The hornet stings you.
* * * LOW HITPOINT WARNING * * *
You are lethally poisoned!
You suddenly lose the ability to move!
You can move again.
Okay, then. [a] - 675 gold - heal wounds, curing, berserk rage, invisibility and might [b] - 240 gold - resistance [c] - 750 gold - haste, resistance and heal wounds Purchase which effect?
You don't have enough gold for that! [a] - 675 gold - heal wounds, curing, berserk rage, invisibility and might [b] - 240 gold - resistance [c] - 750 gold - haste, resistance and heal wounds Purchase which effect?
You no longer have enough gold to petition Gozag for potion effects.
You feel protected.
* * * LOW HITPOINT WARNING * * *
You feel extremely sick. The hornet stings you.
* * * LOW HITPOINT WARNING * * *
The hornet stings you!
You die...
Your body crumbles into a pile of gold.

,*,,,,,...#.....###### *,,,,,,,
,*,,,,,...#......##### *,,,,,,,
,*,,,,,...+......##### *,>,,,,,
,***+**#+###'###.##### *,,,,,,,
,*,,*.......#..####### *,,,,,,,
+*,,*.......#..#.######***,,,,,**
,+,,+###+###+..'.#....#,,,,,,*,,,
,*,,*,+...+.#..#......#,,,,,,*,**
,*,,*,*,,,*,#..#@.....#,,,,,,*,,,
,+**+,*,_,*,+##+y.....#,,,,,,*,,,
,*,,*,*,,,*,*,,#......#,,,,,,+,**
,*,,*,+,,,+,*,,#......#,,,,,,*,*,
,+,,+***+***+,,+(.....+,,,,,,*,*,
**,,*,,,,,,,*,,###....#,,,,,,***,
*,,*,,,,,,,*,,***....#******,,*,
***+***+***+****,..$..,,,,,*,,*,
*,,,,,,,,,,,,*,,,,,,,,,,,*,,**


You could see a hornet.

Vanquished Creatures
  A troll (D:7)
  An acid dragon (D:8)
  Duvessa (D:7)
  A phantom (D:5)
  2 bullfrogs
  6 scorpions
  4 wights (D:6)
  Dowan (D:7)
  3 killer bees (D:7)
  A howler monkey (D:4)
  A bombardier beetle (D:5)
  3 orc priests
  3 hounds
  5 jellies
  3 sleepcaps
  7 orc wizards
  6 adders
  A shadow imp (D:5)
  4 white imps
  2 ufetubi (D:5)
  3 dart slugs
  A ribbon worm (D:5)
  22 orcs
  8 ball pythons
  7 endoplasms
  2 giant cockroaches
  15 goblins
  6 hobgoblins
  11 jackals
  7 kobolds
  2 quokkas
  6 bats
  3 frilled lizards
  7 rats
156 creatures vanquished.

Vanquished Creatures (others)
  107 foxfires
107 creatures vanquished.

Grand Total: 263 creatures vanquished

Notes
Turn   | Place    | Note
-------+----------+-------------------------------------------
     0 | D:1      | Maxmaps the Demonspawn Fire Elementalist began the quest
                  | for the Orb.
     0 | D:1      | Reached XP level 1. HP: 13/13 MP: 3/3
   133 | D:1      | Gained mutation: You are partially covered in rugged brown
                  | scales. (AC +1, +3% HP) [demonic ancestry]
   133 | D:1      | Reached XP level 2. HP: 2/19 MP: 0/5
  1048 | D:1      | Gained mutation: You regenerate magic rapidly. [demonic
                  | ancestry]
  1048 | D:1      | Reached XP level 3. HP: 24/24 MP: 6/6
  1775 | D:3      | Reached skill level 1 in Fighting
  1884 | D:3      | Reached XP level 4. HP: 24/32 MP: 7/7
  2317 | D:3      | Found a blossoming altar of Fedhas.
  2642 | D:4      | Reached XP level 5. HP: 42/42 MP: 8/8
  2643 | D:4      | Found Tihe's Armour Shoppe.
  2664 | D:4      | Bought a +0 pair of boots for 45 gold pieces
  2751 | D:4      | Found Wisiy's Magic Scroll Emporium.
  2759 | D:4      | Bought a scroll of identify for 24 gold pieces
  2824 | D:4      | Found Luor's Assorted Antiques.
  2859 | D:4      | Found a broken altar of Ashenzari.
  2885 | D:4      | Found an ancient bone altar of Kikubaaqudgha.
  3111 | D:4      | Found a staircase to the Ecumenical Temple.
  3131 | Temple   | Entered the Ecumenical Temple
  3136 | Temple   | Became a worshipper of Gozag Ym Sagoz the Greedy
  3148 | D:4      | Found Betihi's Jewellery Boutique.
  3291 | D:4      | Found Xahachun's Jewellery Emporium.
  3382 | D:4      | Reached skill level 5 in Fighting
  3382 | D:4      | Gained mutation: Your touch may inflict minor irresistible
                  | damage on your foes. [demonic ancestry]
  3382 | D:4      | Reached XP level 6. HP: 46/52 MP: 9/9
  3682 | D:5      | Entered Level 5 of the Dungeon
  3863 | D:5      | Reached skill level 1 in Maces & Flails
  3863 | D:5      | Reached XP level 7. HP: 54/59 MP: 10/10
  3929 | D:5      | Reached skill level 2 in Maces & Flails
  4039 | D:5      | Reached skill level 3 in Maces & Flails
  4416 | D:5      | Reached skill level 4 in Maces & Flails
  4577 | D:6      | Found Uvawemedgh's Book Emporium.
  4670 | D:6      | Gained mutation: Your touch may inflict irresistible damage
                  | on your foes. [demonic ancestry]
  4670 | D:6      | Reached XP level 8. HP: 57/65 MP: 8/11
  4675 | D:6      | Reached skill level 5 in Maces & Flails
  5041 | D:6      | Reached skill level 6 in Maces & Flails
  5041 | D:6      | Found a sacrificial altar of Ru.
  5422 | D:6      | Found a snail-covered altar of Cheibriados.
  5973 | D:7      | Reached skill level 7 in Maces & Flails
  6116 | D:7      | Noticed a troll
  6137 | D:7      | Killed a troll
  6315 | D:7      | Reached skill level 8 in Maces & Flails
  6441 | D:7      | Found an iron altar of Okawaru.
  6460 | D:7      | Noticed Duvessa
  6461 | D:7      | Noticed Dowan
  6466 | D:7      | Killed Duvessa
  6467 | D:7      | Reached XP level 9. HP: 71/71 MP: 10/12
  6570 | D:7      | Identified the +2 helmet "Tanu Cou" {rC- MP-9 Int+3 Dex+3}
  6614 | D:7      | Killed Dowan
  6920 | D:8      | Paralysed by a hornet for 1 turns
  6923 | D:8      | Paralysed by a hornet for 3 turns
  6928 | D:8      | Paralysed by a hornet for 1 turns
  6929 | D:8      | Slain by a hornet

Illustrated notes

Levels and vault maps discovered:
D:1:      roderic_octagonal_star, layout_basic
D:2:      wander_river, layout_basic
D:3:      corexii_shack_village, layout_loops_cross, fedhas_ov_isle_minmay,
          kennysheep_generic_room_10
D:4:      layout_gridville, ashenzari_conservatory_becter,
          kiku_gazebo_garden_becter, minmay_temple_entry_glassed_door,
          serial_shops, nicolae_shop_pleasant_corner_grove, shop,
          nicolae_shop_statue_plus, shop, nicolae_shop_tiny_statue_garden,
          nicolae_figureground_sparkle
D:5:      layout_basic
D:6:      layout_basic, cheibriados_altar_1, nicolae_ru_sacrificial_ziggurat,
          serial_shops, shop, palyth_stone_intersect
D:7:      layout_basic, lemuel_crystal_altar, uniq_duvessa
D:8:      layout_gridville, nicolae_qazlal_beasts_of_the_sky,
          mainiacjoe_overflow_24_doors, enter_bailey_7
Temple:   nicolae_temple_bog_church

Skill      XL: |  1  2  3  4  5  6  7  8 |
---------------+-------------------------+-----
Conjurations   | 2 3 |  3.1
Fire Magic     | 3 |  3.0
Fighting       | 1 3 5 6 |  6.2
Maces & Flails | 1 4 8 |  8.9
Dodging        | |  1.7
Stealth        | |  1.7
Spellcasting   | |  2.0

Action                     |  1- 3 |  4- 6 |  7- 9 || total
---------------------------+-------+-------+-------++-------
  Melee: Whip              |   114 |   138 |   176 ||   428
         Unarmed           |     1 |       |       ||     1
         Touch             |       |     4 |    34 ||    38
   Cast: Foxfire           |    19 |     7 |    51 ||    77
 Invoke: Potion Petition   |       |       |     1 ||     1
    Use: Potion            |       |     2 |     3 ||     5
         Scroll            |       |    11 |     8 ||    19
   Stab: Sleeping          |     1 |     2 |     1 ||     4
         Distracted        |       |       |     1 ||     1
 Armour: Robe              |    37 |       |       ||    37
         Ring mail         |    77 |   119 |   195 ||   391
  Dodge: Dodged            |    74 |    74 |   106 ||   254

Table legend: (Time is in decaauts)
 A = Elapsed time spent in this place.
 B = Non-inter-level travel time spent in this place.
 C = Inter-level travel time spent in this place.
 D = Time resting spent in this place.
 E = Time spent auto-exploring this place.
 F = Levels seen in this place.
 G = Mean time per level.
                   A        B        C        D        E       F      G
               +--------+--------+--------+--------+--------+-----+--------+
         Total |   6941 |   6800 |    141 |    473 |   5088 |   9 |  771.2 |
       Dungeon |   6930 |   6797 |    133 |    473 |   5088 |   8 |  866.2 |
        Temple |     10 |      2 |      8 |      0 |      0 |   1 |   10.0 |
               +--------+--------+--------+--------+--------+-----+--------+

Top non-repeatable levels by time:
     D:6: 1246 daAuts
     D:1: 1075 daAuts
     D:7: 1044 daAuts
     D:4: 1042 daAuts
     D:3: 904 daAuts
     D:5: 895 daAuts
     D:2: 686 daAuts
     D:8: 35 daAuts
  Temple: 10 daAuts
